 Dungeon Crawl Stone Soup version 0.31-a0-845-g9abc20d24f (webtiles) character file.

Game seed: 11332532159773347097

11360 IcyTea the Carver (level 11, -1/90 HPs)
             Began as a Black Draconian Warper on Oct 1, 2023.
             Was a High Priest of Okawaru.
             Slain by a boulder beetle (21 damage)
             ... on level 11 of the Dungeon.
             The game lasted 00:48:03 (10860 turns).

IcyTea the Carver (Black Draconian Warper)         Turns: 10860, Time: 00:48:03

Health: -1/90      AC: 10    Str:  9    XL:     11   Next: 48%
Magic:  20/20      EV: 12    Int: 18    God:    Okawaru [*****.]
Gold:   600        SH:  6    Dex: 14    Spells: 7/20 levels left

rFire   x . .        M - +4 scimitar (flame)
rCold   + . .        q - +0 buckler
rNeg    . . .        (body armour unavailable)
rPois   .            J - +0 hat {Int+3}
rElec   +            d - +0 cloak
rCorr   .            (no gloves)
SInv    +            H - +0 pair of boots
Will    .....        k - amulet of regeneration
Stlth   +            p - ring of protection from cold
HPRegen 1.15/turn    f - ring of see invisible
MPRegen 0.17/turn

%: no passive effects
@: studying Long Blades
A: breathe lightning, AC +7, unfitting armour, electricity resistance,
cold-blooded, deterioration 1, high MP 1, screaming 1, shaggy fur 1, weak 2,
heat vulnerability 1
a: Breathe Lightning, Renounce Religion, Heroism, Finesse, Duel


You were on level 11 of the Dungeon.
You worshipped Okawaru.
Okawaru was extremely pleased with you.
You visited 2 branches of the dungeon, and saw 12 of its levels.

You collected 600 gold pieces.

Inventory:

Hand Weapons
 a - a +2 falchion of freezing
 o - a +2 falchion of protection
 t - a +1 long sword of venom
 K - a +2 scimitar
 M - a +4 scimitar of flaming (weapon)
Missiles
 c - a dart of dispersal (quivered)
 i - 5 poisoned darts
 A - a throwing net
Armour
 d - a +0 cloak (worn)
 q - a +0 buckler (worn)
 H - a +0 pair of boots (worn)
 J - a +0 hat of intelligence (worn)
Jewellery
 e - a ring of ice
 f - a ring of see invisible (right hand)
 k - an amulet of regeneration (around neck)
 p - a ring of protection from cold (left hand)
 v - a ring of magical power
 w - a ring of protection from cold
Talismans
 m - a flux talisman
Wands
 r - a wand of charming (25)
 y - a wand of digging (6)
 B - a wand of polymorph (14)
 I - a wand of mindburst (8)
Scrolls
 b - a scroll of blinking
 h - 2 scrolls of vulnerability
 l - a scroll of immolation
 n - 4 scrolls of revelation
 s - 4 scrolls of teleportation
 C - a scroll of amnesia {unknown}
 D - a scroll of fog
 L - a scroll of silence {unknown}
Potions
 g - a potion of haste
 j - 5 potions of curing
 u - 5 potions of enlightenment
 x - a potion of lignification
 z - 2 potions of cancellation
 E - 2 potions of heal wounds
 F - a potion of brilliance {unknown}
 G - a potion of ambrosia {unknown}


   Skills:
 - Level 6.3 Fighting
 - Level 14.0 Long Blades
 - Level 1.4 Throwing
 - Level 2.1 Dodging
 - Level 8.1 Shields
 - Level 5.3 Spellcasting
 - Level 6.2 Translocations
 - Level 5.6 Air Magic
 + Level 3.7 Poison Magic
 - Level 2.0 Invocations


You had 7 spell levels left.
You knew the following spells:

 Your Spells              Type           Power      Damage    Failure   Level
a - Blink                 Tloc           54%        N/A       1%          2
b - Teleport Other        Tloc           27%        N/A       4%          3
c - Manifold Assault      Tloc           27%        N/A       13%         4
d - Vhi's Electric Charg  Tloc/Air       52%        N/A       16%         4

Your spell library contained the following spells:

 Spells                   Type           Power      Damage    Failure   Level
 Lesser Beckoning         Tloc           54%        N/A       1%          2
 Poisonous Vapours        Pois/Air       42%        N/A       3%          2
 Sting                    Tmut/Pois      44%        1d5       9%          1
 Kiss of Death            Conj/Necr      16%        2d6       17%         1
 Olgreb's Toxic Radiance  Pois           18%        N/A       36%         4
 Confusing Touch          Hex            4%         N/A       45%         3
 Dispel Undead            Necr           4%         3d7       86%         4


Dungeon Overview and Level Annotations

Branches:
Dungeon (11/15)            Temple (1/1) D:7             Orc (0/2) D:10
   Lair: D:8-11

Altars:
Ashenzari
Cheibriados
Dithmenos
Elyvilon
Fedhas
Gozag
Hepliaklqana
Kikubaaqudgha
Makhleb
Nemelex Xobeh
Okawaru
Qazlal
Ru
Sif Muna
Trog
Uskayaw
Vehumet
Wu Jian
Xom
Yredelemnul
Zin
The Shining One

Shops:
D:4 (   D:7 =   D:9 [

Annotations:
D:6 Sigmund


Innate Abilities, Weirdness & Mutations

You can breathe wild blasts of lightning.
Your glossy black scales are hard. (AC +7)
You cannot fit into any form of body armour.
You are resistant to electric shocks. (rElec)
You are cold-blooded and may be slowed by cold attacks.
Your body sometimes deteriorates upon taking damage.
You have an increased reservoir of magic. (+10% MP)
You occasionally shout uncontrollably at your foes.
You are covered in fur. (AC +1)
You are very weak. (Str -4)
You are vulnerable to heat. (rF-)


Message History

You tail-slap the boulder beetle, but do no damage.
The boulder beetle is almost dead.
The boulder beetle leaps!
You hit the centaur warrior zombie. You burn the centaur warrior zombie.
You tail-slap the centaur warrior zombie.
The centaur warrior zombie is almost destroyed.
You block the centaur warrior zombie's attack.
The centaur warrior zombie kicks you but does no damage.
You slash the centaur warrior zombie! You burn the centaur warrior zombie.
You destroy the centaur warrior zombie!
Okawaru accepts your kill.
Your Poison Magic skill increases to level 3!
You slash the cyclops! You burn the cyclops.
The cyclops is moderately wounded.
The boulder beetle curls into a ball and begins rolling!
The cyclops barely misses you.
You hit the cyclops. You burn the cyclops.
The cyclops is heavily wounded.
You hit the cyclops but do no damage. You tail-slap the cyclops.
The cyclops is heavily wounded.
You block the cyclops's attack.
You hit the cyclops but do no damage. You tail-slap the cyclops.
The cyclops is heavily wounded.
The boulder beetle stops rolling and uncurls.
You hit the cyclops. You burn the cyclops.
The cyclops is severely wounded.
The cyclops hits you!!
* * * LOW HITPOINT WARNING * * *
You slash the cyclops! You burn the cyclops!
You kill the cyclops!
Okawaru accepts your kill.
You can now enter into single combat with a foe.
Okawaru will now gift you throwing weapons as you gain piety.
You block the boulder beetle's attack.
Items here: ( ))) [[[ †.
You hit the boulder beetle but do no damage.
You tail-slap the boulder beetle, but do no damage.
The boulder beetle is severely wounded.
The boulder beetle bites you!!
You die...

......#.#...##
........#...#####
...........##.#.#
...........##.#.###
..#....#..........#
#...##........###
...# ##...#.### ...
##.#### .. #@#
.......B...#
............#
..........)....
###...........#
##...........
............
###..#......#


You could see a boulder beetle.

Vanquished Creatures
  Fannar (D:9)
  Erica (D:10)
  A two-headed ogre (D:10)
  Pikel (D:7)
  2 cyclopes (D:11)
  3 centaur zombies (D:11)
  An unseen horror (D:10)
  A troll (D:10)
  2 vampires (D:11)
  A wraith (D:9)
  A shadow (D:10)
  A wyvern (D:7)
  7 yaks
  A steam dragon (D:9)
  Edmund (D:4)
  6 orc warriors
  3 ice beasts
  Pargi (D:3)
  4 sky beasts
  2 ogres
  A black bear (D:5)
  5 centaurs
  A lemure (D:7)
  Blork the orc (D:5)
  3 bullfrogs
  3 scorpions
  A gnoll sergeant (D:8)
  7 wights
  6 killer bees (D:8)
  9 howler monkeys
  3 jellies
  5 electric eels (D:10)
  A crimson imp (D:6)
  3 hounds
  7 orc priests
  Crazy Yiuf (D:3)
  Ijyb (D:3)
  Jessica (D:3)
  2 iguanas
  Terence (D:3)
  A sleepcap (D:5)
  16 orc wizards
  6 adders
  11 gnolls
  A shadow imp (D:7)
  A white imp (D:6)
  An ufetubus (D:5)
  2 worms
  5 dart slugs
  53 orcs
  5 ball pythons
  4 bats
  4 endoplasms
  3 giant cockroaches
  4 goblins
  5 hobgoblins
  5 quokkas
  3 frilled lizards
  6 kobolds
  9 rats
248 creatures vanquished.

Vanquished Creatures (others)
  An orc (D:10)
1 creature vanquished.

Grand Total: 249 creatures vanquished

Notes
Turn   | Place    | Note
-------+----------+-------------------------------------------
     0 | D:1      | IcyTea the Draconian Warper began the quest for the Orb.
     0 | D:1      | Reached XP level 1. HP: 17/17 MP: 3/3
   191 | D:1      | Reached XP level 2. HP: 20/25 MP: 5/5
   198 | D:1      | Learned a level 2 spell: Blink
   471 | D:1      | Reached skill level 3 in Long Blades
   958 | D:2      | Reached XP level 3. HP: 30/30 MP: 6/6
  1800 | D:3      | Noticed Ijyb
  1803 | D:3      | Noticed Pargi
  1908 | D:3      | Killed Ijyb
  1909 | D:3      | Reached skill level 4 in Long Blades
  1909 | D:3      | Reached XP level 4. HP: 20/37 MP: 7/7
  2023 | D:3      | Noticed Terence
  2048 | D:3      | Killed Terence
  2154 | D:3      | Found a runed translucent door.
  2155 | D:3      | Noticed Crazy Yiuf
  2235 | D:3      | Reached skill level 5 in Long Blades
  2235 | D:3      | Reached XP level 5. HP: 24/42 MP: 8/8
  2368 | D:3      | Killed Pargi
  2369 | D:3      | Reached skill level 6 in Long Blades
  2607 | D:3      | Noticed Jessica
  2616 | D:3      | Killed Jessica
  2617 | D:3      | Reached XP level 6. HP: 34/50 MP: 9/9
  2997 | D:3      | Killed Crazy Yiuf
  3244 | D:4      | Noticed Edmund
  3264 | D:4      | Gained mutation: You are robust. (+10% HP) [potion of
                  | mutation]
  3264 | D:4      | Gained mutation: Your tail ends in a venomous barb. [potion
                  | of mutation]
  3267 | D:4      | Killed Edmund
  3268 | D:4      | Reached skill level 7 in Long Blades
  3364 | D:4      | Found Yfesuk's Weapon Emporium.
  3752 | D:4      | Your scales start taking on a glossy black colour.
  3752 | D:4      | Reached XP level 7. HP: 61/61 MP: 10/10
  3752 | D:4      | Gained mutation: You are resistant to electric shocks.
                  | (rElec) [Black Draconian growth]
  4002 | D:4      | Found a snail-covered altar of Cheibriados.
  4079 | D:5      | Entered Level 5 of the Dungeon
  4285 | D:5      | Noticed Blork the orc
  4287 | D:5      | Found a hazy altar of Hepliaklqana.
  4288 | D:5      | Found a faded altar of an unknown god.
  4294 | D:5      | Killed Blork the orc
  4295 | D:5      | Reached skill level 8 in Long Blades
  4424 | D:5      | Learned a level 3 spell: Teleport Other
  4429 | D:5      | Learned a level 4 spell: Manifold Assault
  4936 | D:5      | Reached skill level 9 in Long Blades
  5039 | D:5      | Reached skill level 1 in Shields
  5346 | D:5      | Reached XP level 8. HP: 66/68 MP: 11/11
  5740 | D:6      | Lost mutation: You are robust. (+10% HP) [potion of
                  | mutation]
  5740 | D:6      | Lost mutation: Your tail ends in a venomous barb. [potion
                  | of mutation]
  5740 | D:6      | Gained mutation: You have an increased reservoir of magic.
                  | (+10% MP) [potion of mutation]
  5740 | D:6      | Gained mutation: You occasionally lose the ability to drink
                  | potions when taking damage. [potion of mutation]
  5740 | D:6      | Gained mutation: You are covered in fur. (AC +1) [potion of
                  | mutation]
  5761 | D:6      | Noticed Sigmund
  6000 | D:6      | Reached skill level 5 in Shields
  6249 | D:6      | Identified a scroll of acquirement
  6250 | D:6      | Acquired a manual of Long Blades
  6264 | D:6      | Found a burning altar of Makhleb.
  6378 | D:6      | Found a blossoming altar of Fedhas.
  6383 | D:6      | Found a glowing silver altar of Zin.
  6385 | D:6      | Found a basalt altar of Yredelemnul.
  6480 | D:6      | Reached skill level 5 in Translocations
  6700 | D:7      | Reached XP level 9. HP: 68/68 MP: 13/13
  6870 | D:7      | Lost mutation: You are covered in fur. (AC +1) [potion of
                  | mutation]
  6870 | D:7      | Lost mutation: You occasionally lose the ability to drink
                  | potions when taking damage. [potion of mutation]
  6870 | D:7      | Gained mutation: You have hidden genetic defects. [potion
                  | of mutation]
  6870 | D:7      | Gained mutation: You have terrible hidden genetic defects.
                  | [potion of mutation]
  6870 | D:7      | Gained mutation: You are covered in fur. (AC +1) [potion of
                  | mutation]
  6890 | D:7      | Found Bokohios's Jewellery Emporium.
  6984 | D:7      | Noticed Pikel
  6999 | D:7      | Killed Pikel
  7000 | D:7      | Reached skill level 5 in Spellcasting
  7005 | D:7      | Learned a level 4 spell: Vhi's Electric Charge
  7007 | D:7      | Gained mutation: You are weak. (Str -2) [hidden defects]
  7117 | D:7      | Found a staircase to the Ecumenical Temple.
  7127 | D:7      | Gained mutation: You are very weak. (Str -4) [hidden
                  | defects]
  7127 | D:7      | Lost mutation: You have terrible hidden genetic defects.
                  | [hidden defects expressed]
  7132 | Temple   | Entered the Ecumenical Temple
  7137 | Temple   | Became a worshipper of Warmaster Okawaru
  7452 | D:8      | Reached skill level 10 in Long Blades
  7752 | D:8      | Reached skill level 11 in Long Blades
  7757 | D:8      | Gained mutation: You have terrible hidden genetic defects.
                  | [hidden defects]
  7760 | D:8      | Reached XP level 10. HP: 43/75 MP: 19/19
  8314 | D:9      | Reached * piety under Okawaru
  8416 | D:9      | Gained mutation: You occasionally shout uncontrollably at
                  | your foes. [hidden defects]
  8416 | D:9      | Lost mutation: You have terrible hidden genetic defects.
                  | [hidden defects expressed]
  8535 | D:9      | Reached skill level 5 in Fighting
  8545 | D:9      | Reached skill level 1 in Throwing
  8719 | D:9      | Found Wigiyppo's Armour Boutique.
  8781 | D:9      | Reached skill level 5 in Air Magic
  8876 | D:9      | Found a transporter.
  8989 | D:9      | Found a transporter.
  9187 | D:9      | Reached skill level 1 in Invocations
  9382 | D:10     | Entered Level 10 of the Dungeon
  9382 | D:10     | Noticed Fannar
  9428 | D:9      | Gained mutation: You are vulnerable to heat. (rF-) [hidden
                  | defects]
  9441 | D:9      | Killed Fannar
  9441 | D:9      | Reached ** piety under Okawaru
  9442 | D:9      | Reached skill level 12 in Long Blades
  9573 | D:10     | Reached skill level 13 in Long Blades
  9626 | D:11     | Gained mutation: Your body sometimes deteriorates upon
                  | taking damage. [hidden defects]
  9626 | D:11     | Lost mutation: You have hidden genetic defects. [hidden
                  | defects expressed]
  9633 | D:11     | Noticed a cyclops
  9990 | D:10     | Reached skill level 14 in Long Blades
  9992 | D:10     | Found a staircase to the Orcish Mines.
 10023 | D:10     | Found a broken altar of Ashenzari.
 10098 | D:10     | Noticed Erica
 10123 | D:10     | Killed Erica
 10123 | D:10     | Reached *** piety under Okawaru
 10251 | D:10     | Reached XP level 11. HP: 90/90 MP: 20/20
 10416 | D:10     | Noticed a two-headed ogre
 10435 | D:10     | Killed a two-headed ogre
 10690 | D:11     | Reached **** piety under Okawaru
 10788 | D:11     | Noticed a boulder beetle
 10820 | D:11     | Reached skill level 1 in Poison Magic
 10858 | D:11     | Reached ***** piety under Okawaru
 10860 | D:11     | Slain by a boulder beetle

Illustrated notes

Levels and vault maps discovered:
D:1:      dpeg_arrival_pond, layout_loops_ring, serial_rivers,
          chequers_serial_rivers_room_a, chequers_serial_rivers_small_3,
          chequers_serial_rivers_room_b, chequers_serial_rivers_micro_e,
          chequers_serial_rivers_micro_a, minmay_misc_feat_hallway, minivault_23
D:2:      layout_basic
D:3:      layout_rooms, serial_glass, glass_columns_c, glass_columns_a,
          glass_columns_b, uniq_ijyb, uniq_jessica, uniq_crazy_yiuf_cottage,
          uniq_pargi, uniq_terence
D:4:      layout_basic, nicolae_overflow_hidden_temple, serial_shops,
          nicolae_take_the_stairs, uniq_edmund
D:5:      layout_loops_corners, beargit_hepliaklqana_dungeon_heroes,
          minmay_crossroads
D:6:      layout_basic, nicolae_overflow_macrodata_refinement,
          gammafunk_ghost_grave, minmay_fire_ice_demons, uniq_sigmund
D:7:      layout_layer_cave, minmay_temple_entry_nine_rooms, serial_shops, shop,
          uniq_pikel
D:8:      layout_loops_ring, hex_large
D:9:      gammafunk_beogh_shrine, layout_loops_cross, serial_shops,
          nicolae_shop_real_fake_doors, serial_glass, glass_columns_a,
          glass_columns_a, nicolae_two_hexagons, evilmike_minifort
D:10:     layout_basic, nicolae_ashenzari_skybound, hiddenorc2_lemuel,
          uniq_erica, uniq_fannar
D:11:     layout_cave_pools, due_lair_maze_entry_diamond, serial_undead,
          serial_undead_d, serial_undead_a, serial_undead_a, serial_undead_d,
          uniq_sonja
Temple:   minmay_freezing_vapour_temple

Skill      XL: |  1  2  3  4  5  6  7  8  9 10 11 |
---------------+----------------------------------+-----
Long Blades    | 3 4 5 6 7 9 11 14 | 14.0
Shields        | 2 5 8 |  8.1
Translocations | 6 |  6.2
Spellcasting   | 5 |  5.3
Air Magic      | 4 5 |  5.6
Fighting       | 6 |  6.3
Throwing       | 1 |  1.4
Invocations    | 2 |  2.0
Poison Magic   | 3 |  3.7
Dodging        | |  2.1

Action                     |  1- 3 |  4- 6 |  7- 9 | 10-12 || total
---------------------------+-------+-------+-------+-------++-------
  Melee: Falchion          |   149 |    67 |       |       ||   216
         Tailslap          |    11 |    16 |    43 |    81 ||   151
         Punch             |       |     2 |       |       ||     2
         Long sword        |       |    52 |   339 |   367 ||   758
         Scimitar          |       |       |       |   126 ||   126
  Throw: Dart              |       |       |     4 |     2 ||     6
   Cast: Manifold Assault  |       |       |     2 |     8 ||    10
Ability: Breathe Lightning |       |       |       |     2 ||     2
  Evoke: Wand              |       |     7 |       |       ||     7
    Use: Scroll            |       |     9 |     7 |     5 ||    21
         Potion            |       |     1 |     2 |     5 ||     8
   Stab: Invisible         |       |     3 |       |       ||     3
         Sleeping          |       |       |     1 |     1 ||     2
 Armour: Skin              |    92 |    54 |   246 |   382 ||   774
  Dodge: Dodged            |    90 |    57 |   168 |   201 ||   516
  Block: Buckler           |       |    13 |    72 |   108 ||   193

Table legend: (Time is in decaauts)
 A = Elapsed time spent in this place.
 B = Non-inter-level travel time spent in this place.
 C = Inter-level travel time spent in this place.
 D = Time resting spent in this place.
 E = Time spent auto-exploring this place.
 F = Levels seen in this place.
 G = Mean time per level.
                   A        B        C        D        E       F      G
               +--------+--------+--------+--------+--------+-----+--------+
         Total |  10862 |  10628 |    234 |   1567 |   4800 |  12 |  905.2 |
       Dungeon |  10849 |  10615 |    234 |   1567 |   4800 |  11 |  986.3 |
        Temple |     12 |     12 |      0 |      0 |      0 |   1 |   12.0 |
               +--------+--------+--------+--------+--------+-----+--------+

Top non-repeatable levels by time:
     D:5: 1691 daAuts
     D:9: 1359 daAuts
     D:3: 1196 daAuts
    D:10: 1073 daAuts
     D:2: 1020 daAuts
     D:1: 973 daAuts
     D:4: 955 daAuts
     D:8: 846 daAuts
     D:6: 838 daAuts
     D:7: 721 daAuts
    D:11: 173 daAuts
  Temple: 12 daAuts
